Map: Ascension to Aiur LE

Players

Dust

  • Race: Zerg Zerg
  • League: Diamond
  • Spawn Location: 11:00

PlzDontHitMe - Winner!

  • Race: Protoss Protoss
  • League: Diamond
  • Spawn Location: 5:00

VOD

Have the link to the VOD?

Description

Time

  • Played on: June 24, 2017, 4:42 a.m.
  • Length: 22:56
Show
View Real Time Build Order
Export as new Build Order

Dust Zerg 

Build Orders: Pool First 

Get SALT Encoding   

  12  0:01  Drone  
  13  0:12  Overlord  
  13  0:17  Drone  
  14  0:31  Drone x2  
  16  0:41  Spawning Pool  
  15  0:46  Drone  
  16  1:07  Hatchery  
  15  1:17  Drone  
  16  1:31  Queen  
  18  1:36  Spine Crawler  
  17  1:45  Drone x2, Zergling x2  
  21  1:56  Overlord  
  21  2:04  Hatchery  
  20  2:11  Extractor  
  19  2:18  Zergling x4  
  19  2:21  Queen  
  23  2:37  Drone  
  23  2:43  Drone x3  
  26  3:10  Drone x2  
  28  3:14  Drone x2  
  30  3:21  Overlord  
  30  3:22  Hatchery  
  29  3:29  Metabolic Boost  
  29  3:33  Drone x2  
  29  3:34  Drone  
  32  3:57  Drone x2, Overlord  
  32  3:58  Drone x5  
  39  4:10  Drone x3  
  39  4:16  Queen  
  42  4:27  Zergling x4  
  44  4:35  Lair  
  44  4:38  Extractor x2  
  43  4:40  Drone x3  
  45  4:46  Queen  
  45  4:49  Overlord  
  47  5:02  Drone x4  
  47  5:03  Drone  
  52  5:09  Drone x3  
  55  5:15  Extractor  
  55  5:17  Extractor  
  55  5:18  Overlord, Zergling x2  
  55  5:19  Zergling x2, Extractor  
  54  5:23  Spore Crawler  
  54  5:25  Spore Crawler  
  54  5:27  Spore Crawler  
  51  5:33  Queen  
  51  5:34  Overlord, Queen  
  55  5:39  Drone x4  
  55  5:40  Drone x2  
  60  5:46  Overseer  
  60  5:49  Drone x3  
  64  5:50  Drone  
  64  5:53  Overlord  
  64  6:07  Overlord  
  64  6:08  Zergling x4  
  64  6:09  Zergling x6  
  69  6:29  Drone  
  69  6:30  Drone x3  
  73  6:38  Drone  
  73  6:39  Drone x6  
  80  6:46  Evolution Chamber  
  80  6:47  Spire, Evolution Chamber  
  77  6:55  Overlord x2  
  77  6:56  Drone x4  
  77  6:57  Drone x2  
  83  7:09  Overlord  
  83  7:22  Overseer  
  83  7:24  Pneumatized Carapace  
  82  7:50  Overlord  
  80  7:59  Overlord  
  80  8:00  Mutalisk x3  
  80  8:01  Mutalisk x13  
  112  8:12  Spore Crawler  
  111  8:15  Spore Crawler  
  111  8:17  Hatchery  
  109  8:21  Overlord  
  109  8:26  Mutalisk  
  109  8:27  Mutalisk x3  
  107  8:32  Mutalisk x2  
  107  8:33  Mutalisk x2  
  118  8:38  Zergling x8  
  122  8:41  Overlord  
  122  8:48  Overlord  
  122  8:49  Drone x3  
  122  8:54  Infestation Pit  
  124  8:57  Corruptor x2  
  124  9:14  Queen  
  124  9:15  Queen x2  
  130  9:18  Overlord  
  130  9:31  Overlord  
  130  9:40  Spore Crawler  
  129  9:48  Zerg Ground Armor Level 1  
  129  9:49  Zerg Melee Weapons Level 1  
  129  9:54  Pathogen Glands  
  129  9:58  Corruptor x4  
  137  10:09  Overlord  
  137  10:19  Drone x5  
  142  10:22  Extractor  
  142  10:24  Extractor  
  140  10:30  Drone  
  140  10:31  Drone x3  
  140  10:32  Spore Crawler  
  143  10:39  Corruptor x6  
  155  10:56  Corruptor x2  
  143  11:08  Corruptor x2  
  123  11:22  Drone x3, Zergling x6  
  125  11:28  Drone x6  
  125  11:32  Drone x3  
  134  11:33  Drone x3  
  137  11:43  Overlord  
  137  11:44  Infestor x3, Corruptor  
  145  11:48  Burrow  
  145  11:49  Hatchery  
  145  11:51  Drone, Corruptor  
  143  12:04  Hive  
  143  12:09  Drone x2  
  143  12:10  Drone x3  
  143  12:12  Hatchery  
  142  12:27  Drone x10  
  145  12:49  Zerg Melee Weapons Level 2  
  145  12:51  Zerg Ground Armor Level 2  
  145  13:11  Infestor  
  147  13:14  Overlord x4  
  147  13:16  Infestor  
  147  13:18  Corruptor x2  
  147  13:19  Overlord  
  151  13:20  Overlord  
  151  13:21  Infestor  
  151  13:23  Greater Spire  
  151  13:25  Spire  
  150  13:30  Extractor  
  150  13:31  Extractor  
  147  13:48  Corruptor x8  
  141  14:05  Corruptor  
  141  14:06  Corruptor x7  
  137  14:10  Corruptor  
  137  14:12  Zergling x6  
  137  14:16  Zergling x2  
  121  14:48  Drone x6, Zergling x4  
  127  14:55  Drone x4, Zergling x4  
  127  14:56  Zergling x2  
  134  15:00  Infestor x2  
  134  15:01  Infestor x2  
  142  15:07  Zerg Flyer Armor Level 1  
  142  15:08  Zerg Flyer Weapons Level 1  
  142  15:13  Zergling x12  
  142  15:14  Drone, Zergling x6  
  152  15:48  Corruptor x3  
  152  15:49  Corruptor x5  
  154  15:56  Corruptor  
  154  15:57  Zergling x14  
  158  16:02  Drone x2  
  158  16:03  Queen x3  
  171  16:21  Hatchery, Corruptor  
  171  16:22  Zergling x2, Corruptor x3  
  179  16:45  Queen  
  179  16:47  Queen  
  164  17:14  Corruptor x7  
  172  17:25  Infestor  
  174  17:38  Zergling x2  
  174  17:39  Zergling x16  
  165  18:06  Zergling x2, Corruptor x2  
  170  18:23  Zergling x2  
  170  18:24  Overlord  
  171  18:39  Overlord  
  171  18:40  Overlord x3  
  171  18:42  Hatchery, Queen x2, Overseer  
  171  18:47  Hatchery  
  171  19:10  Corruptor x3  
  177  19:18  Queen x2  
  177  19:19  Zergling x10  
  180  19:31  Drone x11  
  180  19:38  Drone x2  
  180  19:39  Drone  
  183  19:53  Queen x2  
  183  20:21  Spore Crawler  
  182  20:22  Spore Crawler x2  
  180  20:29  Queen  
  180  20:34  Hatchery  
  175  20:37  Spore Crawler  
Show
View Real Time Build Order
Export as new Build Order

PlzDontHitMe Protoss - Winner!

Build Orders:  

Get SALT Encoding   

  12  0:01  Probe (Chrono Boost)  
  13  0:11  Probe (Chrono Boost)  
  14  0:22  Pylon  
  14  0:24  Probe (Chrono Boost)  
  15  0:41  Probe (Chrono Boost)  
  16  0:44  Forge  
  16  0:51  Probe (Chrono Boost)  
  17  1:02  Probe (Chrono Boost)  
  18  1:12  Probe (Chrono Boost)  
  19  1:19  Pylon  
  19  1:21  Pylon  
  19  1:23  Pylon  
  19  1:25  Pylon  
  19  1:38  Photon Cannon  
  19  1:41  Photon Cannon  
  19  2:02  Photon Cannon  
  19  2:08  Probe (Chrono Boost)  
  20  2:12  Gateway, Photon Cannon  
  20  2:16  Pylon  
  20  2:27  Assimilator  
  20  2:31  Assimilator  
  20  2:34  Pylon  
  19  2:49  Pylon  
  19  2:55  Photon Cannon  
  19  3:07  Photon Cannon  
  19  3:09  Photon Cannon  
  19  3:25  Probe (Chrono Boost)  
  20  3:31  Nexus  
  19  3:44  Probe (Chrono Boost)  
  20  3:54  Probe (Chrono Boost)  
  21  4:05  Probe (Chrono Boost)  
  22  4:16  Probe (Chrono Boost)  
  23  4:21  Nexus  
  23  4:38  Cybernetics Core  
  23  4:44  Pylon  
  24  4:45  Probe (Chrono Boost)  
  24  4:57  Probe (Chrono Boost)  
  24  4:59  Pylon  
  25  5:03  Probe (Chrono Boost)  
  26  5:08  Probe (Chrono Boost)  
  26  5:14  Probe (Chrono Boost)  
  28  5:15  Stalker  
  28  5:18  Probe (Chrono Boost)  
  31  5:24  Probe (Chrono Boost)  
  31  5:27  Assimilator  
  32  5:31  Probe (Chrono Boost), Assimilator  
  32  5:35  Probe (Chrono Boost)  
  34  5:42  Probe (Chrono Boost)  
  35  5:44  Mothership Core (Chrono Boost)  
  35  5:45  Probe (Chrono Boost)  
  38  5:56  Probe (Chrono Boost)  
  39  6:05  Photon Cannon  
  39  6:07  Stargate x2  
  39  6:10  Stargate  
  39  6:26  Stargate  
  39  6:29  Photon Cannon, Pylon  
  39  6:31  Probe (Chrono Boost)  
  40  6:34  Probe (Chrono Boost)  
  40  6:35  Probe (Chrono Boost)  
  42  6:42  Probe (Chrono Boost)  
  42  6:44  Probe (Chrono Boost)  
  42  6:46  Probe (Chrono Boost)  
  45  6:53  Oracle  
  49  6:55  Oracle  
  49  6:59  Oracle  
  54  7:11  Oracle  
  54  7:15  Probe (Chrono Boost)  
  58  7:17  Probe (Chrono Boost)  
  58  7:19  Probe (Chrono Boost)  
  60  7:25  Probe (Chrono Boost)  
  60  7:27  Probe (Chrono Boost)  
  60  7:28  Oracle  
  66  7:30  Probe (Chrono Boost), Oracle  
  66  7:34  Oracle  
  66  7:36  Assimilator  
  72  7:40  Assimilator  
  72  7:46  Oracle  
  75  7:56  Photon Cannon  
  75  7:57  Photon Cannon  
  78  8:08  Probe (Chrono Boost)  
  85  8:19  Probe (Chrono Boost)  
  89  8:30  Phoenix x4  
  82  8:37  Probe (Chrono Boost)  
  83  8:45  Pylon  
  83  8:47  Photon Cannon  
  83  8:48  Probe (Chrono Boost)  
  84  8:55  Phoenix x4  
  92  9:20  Phoenix x3  
  99  9:24  Probe (Chrono Boost)  
  99  9:25  Fleet Beacon  
  99  9:30  Phoenix  
  101  9:43  Probe (Chrono Boost)  
  99  9:46  Phoenix  
  101  10:01  Pylon  
  101  10:02  Pylon  
  101  10:07  Pylon  
  101  10:17  Probe  
  101  10:19  Phoenix x3  
  101  10:20  Phoenix  
  110  10:32  Nexus  
  103  11:24  Void Ray x4  
  113  11:37  Pylon  
  113  12:07  Photon Cannon, Void Ray x4  
  129  12:10  Photon Cannon  
  129  12:11  Photon Cannon  
  114  12:50  Void Ray x4  
  130  13:32  Void Ray  
  130  13:33  Void Ray  
  138  13:43  Void Ray  
  140  13:57  Void Ray  
  121  14:15  Void Ray x2  
  127  14:26  Void Ray  
  113  14:40  Void Ray  
  105  14:50  Probe  
  102  14:55  Photon Cannon  
  102  14:57  Pylon  
  102  14:58  Assimilator, Void Ray x2  
  110  15:01  Probe  
  110  15:02  Assimilator  
  111  15:09  Void Ray  
  111  15:11  Probe  
  116  15:23  Void Ray  
  116  15:28  Cybernetics Core  
  120  15:30  Probe  
  121  15:40  Probe  
  121  15:41  Void Ray x2  
  122  15:54  Void Ray  
  126  16:05  Void Ray  
  130  16:24  Void Ray x2  
  138  16:36  Probe  
  139  16:40  Photon Cannon  
  139  16:47  Probe  
  139  17:03  Void Ray  
  139  17:05  Void Ray  
  139  17:06  Void Ray  
  139  17:07  Void Ray  
  129  17:41  Robotics Facility  
  129  17:46  Void Ray  
  129  17:48  Void Ray  
  113  18:09  Probe, Void Ray x2  
  122  18:20  Probe  
  123  18:27  Nexus  
  123  18:29  Pylon, Void Ray  
  123  18:30  Probe  
  123  18:32  Pylon  
  128  18:35  Observer  
  128  18:36  Void Ray  
  128  18:41  Probe  
  134  18:51  Probe  
  134  18:52  Void Ray x2  
  143  19:02  Probe  
  124  19:10  Stargate  
  124  19:12  Probe, Void Ray  
  129  19:19  Void Ray  
  132  19:35  Void Ray  
  136  19:43  Void Ray  
  136  19:44  Observer  
  141  19:47  Mothership Core  
  143  19:55  Void Ray  
  131  20:08  Void Ray x2  
  137  20:16  Observer  
  137  20:17  Void Ray  
  141  20:25  Void Ray  
  145  20:37  Void Ray  
  137  20:51  Oracle  
  137  20:54  Void Ray  
  132  21:00  Void Ray  
  136  21:08  Void Ray  
  112  21:20  Photon Cannon, Void Ray  
  116  21:27  Void Ray  
Tags
 
Add a new tag
Caveats
  • Supply blocks, unpowered buildings, or Contaminate may cause inaccurate times.
  • Supply counts are checked every 10 seconds.